 Dungeon Crawl Stone Soup version 0.27-a0-492-ga4bb394fd4 (webtiles) character file.

Game seed: 12452475895666113439

560 Nattfarinn the Insei (level 7, -11/43 HPs)
             Began as an Octopode Transmuter on Mar 2, 2021.
             Mangled by Menkaure (19 damage)
             ... on level 5 of the Dungeon.
             The game lasted 00:08:10 (5647 turns).

Nattfarinn the Insei (Octopode Transmuter)          Turns: 5647, Time: 00:08:11

Health: -11/43     AC:  2    Str:  9    XL:     7   Next: 31%
Magic:  5/10       EV: 20    Int: 17    God:
Gold:   302        SH:  0    Dex: 18    Spells: 6/10 levels left

rFire    . . .     SeeInvis .     - Unarmed
rCold    . . .     Faith    .   (shield currently unavailable)
rNeg     . . .     Spirit   .   (helmet currently unavailable)
rPois    x         Reflect  .   (no amulet)
rElec    .         Harm     .   (no ring)
rCorr    .         Rampage  .   (no ring)
Will     .....                  (no ring)
Stlth    ++........             (no ring)
HPRegen  0.14/turn              (no ring)
MPRegen  0.12/turn              (no ring)
                                (no ring)
                                (no ring)

@: spider-form, very slightly contaminated
A: tiny, almost no armour, stealthy swim, (amphibious), 8 rings, (constrict 8)
a: End Transformation


You were on level 5 of the Dungeon.
You were a venomous arachnid creature.
You visited 1 branch of the dungeon, and saw 5 of its levels.

You collected 302 gold pieces.

Inventory:

Jewellery
 m - an amulet of faith
 o - a +4 ring of evasion
 q - a +4 ring of evasion
Scrolls
 a - a scroll of teleportation
 d - a scroll of amnesia {unknown}
 h - a scroll of magic mapping {unknown}
 i - a scroll of fog {unknown}
 j - 3 scrolls of identify {unknown}
 k - 2 scrolls of enchant armour {unknown}
Potions
 b - 2 potions of heal wounds
 c - a potion of invisibility {unknown}
 e - a potion of curing {unknown}
 f - a potion of degeneration {unknown}
 g - 2 potions of brilliance {unknown}
 l - a potion of attraction {unknown}
 n - a potion of ambrosia {unknown}
 p - a potion of berserk rage


   Skills:
 - Level 1.0 Fighting
 - Level 2.0 Dodging
 - Level 7.0 Unarmed Combat
 - Level 2.0 Spellcasting
 + Level 4.5 Transmutations


You had 6 spell levels left.
You knew the following spells:

 Your Spells              Type           Power        Failure   Level
a - Beastly Appendage     Tmut           34%          11%         1
b - Spider Form           Tmut/Pois      4%           43%         3

Your spell library contained the following spells:

 Spells                   Type           Power        Failure   Level
 Wereblood                Tmut           17%          14%         2
 Ice Form                 Ice/Tmut       9%           78%         4
 Blade Hands              Tmut           8%           82%         5


Dungeon Overview and Level Annotations

Branches:
Dungeon (5/15)
 Temple: D:4-7

Altars:

Annotations:
D:4 1 runed translucent door, Crazy Yiuf
D:5 Menkaure


Innate Abilities, Weirdness & Mutations

You cannot wear most types of armour.
You are very stealthy in the water. (Stealth+)
((You are amphibious.))
You can wear up to eight rings at the same time.
((You can use your tentacles to constrict eight enemies at once.))
((Your skin changes colour to match your surroundings (Stealth+).))
((Your rubbery body absorbs attacks. (AC +1, EV +1)))


Message History

a +0 scythe; a +0 robe; the human corpse of Sigmund You start resting.
Your transformation is almost over.
You start resting.
Your transformation has ended.
You start resting.
Magic restored.
Okay, then.
Things that are here:
a +0 scythe; a +0 robe; the human corpse of Sigmund You see here an iguana corpse.
Menkaure is nearby!
Unknown command.
Casting: Spider Form (quite dangerous; 22% risk of failure)
Confirm with . or Enter, or press ? or * to list all spells.
The spell is quite dangerous to cast (22% risk of failure)!
Continue anyway?
You miscast Spider Form.
You are very lightly contaminated with residual magic.
Nothing appears to happen.
Casting: Spider Form (quite dangerous; 22% risk of failure)
Confirm with . or Enter, or press ? or * to list all spells.
The spell is quite dangerous to cast (22% risk of failure)!
Continue anyway?
You turn into a venomous arachnid creature.
Menkaure shouts!
You bite Menkaure!
Menkaure is moderately damaged.
Menkaure calls on the powers of darkness!
Your body is wracked with pain!
You hit Menkaure but do no damage.
Menkaure is moderately damaged.
Unknown command.
You bite Menkaure!
Menkaure is severely damaged.
Menkaure hits you!
* * * LOW HITPOINT WARNING * * *
Unknown command.
You hit Menkaure.
Menkaure is severely damaged.
Menkaure hits you!!
You die...

...# ###..####†# #.#
#........... #.# #.#
#..##..####. #.$
#.####.#.####..##..###
.##
.......#....>......... .
#.###########..####### .
#..............# ##
##############†########.#
#..).......#


You could see Menkaure.

Vanquished Creatures
  Sigmund (D:5)
  A centaur (D:4)
  An orc priest (D:5)
  An iguana (D:5)
  Jessica (D:3)
  2 orc wizards
  2 worker ants (D:4)
  3 gnolls (D:4)
  3 adders
  An adder zombie (D:5)
  2 worms
  2 dart slugs
  3 leopard geckos
  9 orcs
  3 giant cockroaches
  10 goblins
  3 hobgoblins
  3 jackals (D:1)
  8 kobolds
  8 bats
  2 frilled lizards (D:3)
  8 rats
77 creatures vanquished.

Notes
Turn   | Place    | Note
-------+----------+-------------------------------------------
     0 | D:1      | Nattfarinn the Octopode Transmuter began the quest for the
                  | Orb.
     0 | D:1      | Reached XP level 1. HP: 13/13 MP: 3/3
     2 | D:1      | Noticed a dwarf
     4 | D:1      | Noticed a human
     4 | D:1      | Noticed a naga
     6 | D:1      | Noticed a merfolk
     6 | D:1      | Noticed a gargoyle
     8 | D:1      | Noticed an ogre
     8 | D:1      | Noticed a formicid
    10 | D:1      | Noticed a halfling
    12 | D:1      | Noticed a spriggan
    12 | D:1      | Noticed a centaur
    14 | D:1      | Noticed an elf
    16 | D:1      | Noticed an octopode
    16 | D:1      | Noticed a ghoul
    18 | D:1      | Noticed a vampire
    20 | D:1      | Noticed a vine stalker
    20 | D:1      | Noticed a draconian
    22 | D:1      | Noticed a demonspawn
    22 | D:1      | Noticed a felid
    24 | D:1      | Noticed a troll
    24 | D:1      | Noticed a tengu
    26 | D:1      | Noticed a demigod
    26 | D:1      | Noticed a minotaur
   373 | D:1      | Reached XP level 2. HP: 13/18 MP: 5/5
   724 | D:1      | Reached skill level 4 in Unarmed Combat
   814 | D:1      | Reached XP level 3. HP: 19/23 MP: 6/6
  1716 | D:3      | Noticed Jessica
  1822 | D:3      | Learned a level 3 spell: Spider Form
  1830 | D:3      | Killed Jessica
  1831 | D:3      | Reached skill level 5 in Unarmed Combat
  1831 | D:3      | Reached XP level 4. HP: 28/28 MP: 3/7
  3448 | D:4      | Reached XP level 5. HP: 7/33 MP: 8/8
  3965 | D:4      | Reached skill level 6 in Unarmed Combat
  4331 | D:4      | Identified the +6 spear "Votixt" {antimagic, rC+}
  4407 | D:4      | Found a runed translucent door.
  4408 | D:4      | Noticed Crazy Yiuf
  4428 | D:4      | Noticed a centaur
  4440 | D:4      | Killed a centaur
  4441 | D:4      | Reached XP level 6. HP: 15/38 MP: 5/9
  4797 | D:4      | Reached skill level 7 in Unarmed Combat
  5033 | D:5      | Entered Level 5 of the Dungeon
  5494 | D:5      | Noticed Menkaure
  5499 | D:5      | Noticed Sigmund
  5512 | D:5      | Killed Sigmund
  5513 | D:5      | Reached XP level 7. HP: 30/43 MP: 7/10
  5647 | D:5      | Mangled by Menkaure

Illustrated notes

Levels and vault maps discovered:
D:1:      kb_arrival_jail, layout_rooms, minmay_crystal_room, minivault_26
D:2:      cheibrodos_helix_gallery, layout_basic
D:3:      layout_loops_corners, minmay_misc_feat_rugged,
          kennysheep_generic_room_12, uniq_jessica
D:4:      layout_basic, uniq_crazy_yiuf_cottage
D:5:      layout_loops_ring, kennysheep_generic_room_16, uniq_menkaure,
          uniq_grinder, uniq_sigmund

Skill      XL: |  1  2  3  4  5  6 |
---------------+-------------------+-----
Unarmed Combat | 4 5 6 7 |  7.0
Transmutations | 4 |  4.5
Fighting       | |  1.0
Dodging        | |  2.0
Spellcasting   | |  2.0

Action                   |  1- 3 |  4- 6 |  7- 9 || total
-------------------------+-------+-------+-------++-------
Melee: Unarmed           |    90 |   124 |     6 ||   220
       Constrict         |    23 |    20 |       ||    43
       Tentacles         |    15 |    17 |       ||    32
       Punch             |       |     1 |       ||     1
 Cast: Spider Form       |     1 |     6 |     2 ||     9
  Use: Scroll            |       |     3 |       ||     3
       Potion            |       |     1 |       ||     1
 Stab: Sleeping          |     4 |     3 |       ||     7
Armor: Skin              |    17 |     1 |       ||    18
Dodge: Dodged            |    52 |    71 |       ||   123

Table legend: (Time is in decaauts)
 A = Elapsed time spent in this place.
 B = Non-inter-level travel time spent in this place.
 C = Inter-level travel time spent in this place.
 D = Time resting spent in this place.
 E = Time spent auto-exploring this place.
 F = Levels seen in this place.
 G = Mean time per level.
                   A        B        C        D        E       F      G
               +--------+--------+--------+--------+--------+-----+--------+
         Total |   5626 |   5504 |    122 |   1813 |   3125 |   5 | 1125.2 |
       Dungeon |   5626 |   5504 |    122 |   1813 |   3125 |   5 | 1125.2 |
               +--------+--------+--------+--------+--------+-----+--------+

Top non-repeatable levels by time:
     D:3: 1917 daAuts
     D:4: 1617 daAuts
     D:1: 977 daAuts
     D:2: 696 daAuts
     D:5: 417 daAuts
